 Dungeon Crawl Stone Soup version 0.31-a0-164-g2312942fda (webtiles) character file.

Game seed: 3028678629602775252

10503 qw the Cleaver (level 11, -14/71 HPs)
             Began as a Gargoyle Fighter on June 13, 2023.
             Was an Elder of Okawaru.
             Demolished by Gastronok (20 damage)
             ... on level 1 of the Lair of Beasts.
             The game lasted 00:04:14 (7779 turns).

qw the Cleaver (Gargoyle Fighter)                   Turns: 7779, Time: 00:04:15

Health: -14/71     AC: 32    Str: 30    XL:     11   Next: 63%
Magic:  14/15      EV: 10    Int:  9    God:    Okawaru [****..]
Gold:   578        SH:  6    Dex:  9    Spells: 10/10 levels left

rFire   . . .        Y - +1 war axe
rCold   . . .        c - +0 buckler
rNeg    + . .        m - +0 plate armour
rPois   inf          f - +0 helmet
rElec   +            (no cloak)
rCorr   .            r - +0 pair of gloves
SInv    .            w - +0 pair of boots
Will    .....        (no amulet) Stlth
                     k - +6 ring of strength
HPRegen 0.31/turn    t - +4 ring of protection
MPRegen 0.14/turn

%: no passive effects
@: heroic, slowed, very slow
A: sickness immunity, AC +8, negative energy resistance 1, electricity
resistance, torment resistance 1, petrification resistance
a: Renounce Religion, Heroism, Finesse


You were on level 1 of the Lair of Beasts.
You worshipped Okawaru.
Okawaru was greatly pleased with you.
You visited 3 branches of the dungeon, and saw 11 of its levels.

You collected 732 gold pieces.
You spent 154 gold pieces at shops.


Innate Abilities, Weirdness & Mutations

You are immune to sickness and miasma.
Your stone body is resilient. (AC +8)
You are immune to poison.
You resist negative energy. (rN+)
You are resistant to electric shocks. (rElec)
You are resistant to unholy torment.
You are immune to petrification.


   Skills:
 - Level 9.0(14.0) Fighting
 + Level 11.6(16.6) Axes
 - Level 4.0(9.0) Throwing
 - Level 8.1(13.1) Armour
 - Level 2.0(7.0) Dodging
 - Level 5.1(10.1) Shields
 + Level 5.3 Invocations


You had 10 spell levels left.
You didn't know any spells.
Your spell library was empty.

Inventory:

Hand Weapons
 i - a +0 morningstar
 Y - a +1 war axe (weapon)
Missiles
 b - a silver javelin
 q - 2 boomerangs (quivered)
 A - 3 javelins
Armour
 c - a +0 buckler (worn)
 f - a +0 helmet (worn)
 m - a +0 plate armour (worn)
 r - a +0 pair of gloves (worn)
 w - a +0 pair of boots (worn)
Jewellery
 g - a ring of ice
 j - an amulet of guardian spirit
 k - a +6 ring of strength (left hand)
 t - a +4 ring of protection (right hand)
 u - a ring of protection from cold
Wands
 o - a wand of digging (6)
Scrolls
 v - a scroll of identify
Potions
 d - 6 potions of might
 e - 4 potions of attraction
 h - 3 potions of lignification
 l - 3 potions of curing
 p - a potion of ambrosia {unknown}

Dungeon Overview and Level Annotations

Branches:
Dungeon (9/15)             Temple (1/1) D:5            Lair (1/5) D:9
    Orc: D:9-12

Altars:
Ashenzari
Cheibriados
Dithmenos
Elyvilon
Fedhas
Gozag
Hepliaklqana
Kikubaaqudgha
Makhleb
Nemelex Xobeh
Okawaru
Qazlal
Ru
Sif Muna
Trog
Uskayaw
Vehumet
Wu Jian
Xom
Yredelemnul
Zin
The Shining One

Shops:
D:4 =!==   D:7 (

Annotations:
Lair:1 Gastronok


Message History

You completely miss the cane toad.
The cane toad is heavily wounded.
The cane toad stings you but does no damage.
The basilisk gazes at you.
You are unaffected.
You closely miss the cane toad.
The cane toad is heavily wounded.
The cane toad stings you but does no damage.
You barely miss the cane toad.
The cane toad is heavily wounded.
You completely miss the basilisk. You hit Gastronok.
The cane toad stings you but does no damage.
You completely miss the cane toad.
The cane toad is heavily wounded.
You hit the basilisk but do no damage. You slash Gastronok!
The basilisk bites you.
You slash the cane toad!
The cane toad is severely wounded.
You closely miss the basilisk. You slash Gastronok! The cane toad stings you.
Gastronok casts a spell at you.
You feel yourself slow down.
The basilisk bites you but does no damage.
7777 ||| DRINKING potion of heal wounds.
You feel much better. The cane toad stings you.
You block the basilisk's attack. The cane toad stings you!
Gastronok waves his eye-stalks in wide circles.
The air twists around and strikes you!
You slash the cane toad!
You kill the cane toad!
Okawaru accepts your kill.
You hit Gastronok. You barely miss the basilisk.
The basilisk bites you but does no damage.
You hit Gastronok.
Gastronok is lightly wounded.
You closely miss the basilisk. The basilisk gazes at you.
You resist with some effort. Gastronok bites you!!
You die...

#.##.....(.....#...P##
###.........#.........
#.....................
............#.........
............+..#.....
...#..............######
....######+##....$......
................w.......
................@l......
................%.......
........................
........................
...%%...................
.###.####.......+#.###.#
.........#.....#........
........<#.....#.......
.........#.....#.......


You could see Gastronok and a basilisk.

Vanquished Creatures
  Fannar (Lair:1)
  Erica (D:8)
  Pikel (D:8)
  A black mamba (Lair:1)
  6 cane toads (Lair:1)
  2 rime drakes
  A komodo dragon (Lair:1)
  A polar bear (D:9)
  Sigmund (D:3)
  A wyvern (D:8)
  12 yaks
  Edmund (D:4)
  A water moccasin (Lair:1)
  2 orc warriors (D:9)
  5 ice beasts
  2 sky beasts
  An ogre (D:4)
  2 wolves
  3 phantoms
  4 lemures (D:8)
  5 bullfrogs
  13 wights
  2 scorpions
  5 killer bees (D:6)
  7 hounds
  3 jellies (D:4)
  4 orc priests
  A gnoll bouda (D:6)
  5 iguanas
  Ijyb (D:4)
  Natasha (twice) (D:4)
  4 orc wizards
  10 gnolls
  3 adders
  2 white imps (D:7)
  2 worms (D:3)
  4 dart slugs
  38 orcs
  2 bat zombies (D:9)
  3 endoplasms
  2 giant cockroaches
  3 goblins
  6 hobgoblins
  4 jackals (D:1)
  5 kobolds
  2 quokkas
  2 ball pythons (D:4)
  5 bats
  5 frilled lizards
  4 rats
  2 rat zombies (D:9)
205 creatures vanquished.

Vanquished Creatures (others)
  An orc wizard (D:7)
1 creature vanquished.

Grand Total: 206 creatures vanquished

Notes
Turn   | Place    | Note
-------+----------+-------------------------------------------
     0 | D:1      | qw the Gargoyle Fighter began the quest for the Orb.
     0 | D:1      | Reached XP level 1. HP: 14/14 MP: 1/1
     0 | D:1      | 0 ||| qw: Version: 0.2-a-29-gc1b59c4
     0 | D:1      | 0 ||| qw: Game counter: 4612
     0 | D:1      | 0 ||| qw: Always use a shield: true
     0 | D:1      | 0 ||| qw: God list: Okawaru
     0 | D:1      | 0 ||| qw: Allow faded altars: false
     0 | D:1      | 0 ||| qw: Do Orc after D:15 true
     0 | D:1      | 0 ||| qw: Do second Lair branch before Depths: true
     0 | D:1      | 0 ||| qw: Lair rune preference: random
     0 | D:1      | 0 ||| qw: Plans: Normal, Zot:1-4, Slime:5, God:TSO, Crypt,
                  | Tomb, Abyss, Pan, Hells, Win
     0 | D:1      | 0 ||| PLANNING D:1-11
   219 | D:1      | Reached skill level 2 in Axes
   222 | D:1      | Reached XP level 2. HP: 19/19 MP: 2/2
   234 | D:1      | 234 ||| DROPPING +0 club.
   467 | D:1      | 467 ||| FLEEEEING.
   468 | D:1      | 468 ||| FLEEEEING.
   469 | D:1      | 469 ||| FLEEEEING.
   470 | D:1      | 470 ||| FLEEEEING.
   471 | D:1      | 471 ||| FLEEEEING.
   536 | D:1      | 536 ||| Stepping ~*~*~tactically~*~*~ (stealth).
   537 | D:1      | 537 ||| Stepping ~*~*~tactically~*~*~ (stealth).
   550 | D:1      | Reached skill level 3 in Axes
   717 | D:1      | Reached XP level 3. HP: 21/23 MP: 3/3
   830 | D:1      | 830 ||| DROPPING orb of energy.
   831 | D:1      | 831 ||| UPGRADING to +6 ring of strength.
   832 | D:1      | 832 ||| READING scroll labelled RAENGU ZEUCI.
   833 | D:1      | 833 ||| READING scroll labelled HOCKAI ZOPRAKHLU.
   834 | D:1      | 834 ||| DRINKING 2 fizzy black potions.
   835 | D:1      | 835 ||| DROPPING potion of enlightenment.
   853 | D:2      | Found a faded altar of an unknown god.
  1165 | D:2      | 1165 ||| DROPPING +0 whip.
  1234 | D:2      | 1234 ||| UPGRADING to +0 helmet.
  1239 | D:2      | 1239 ||| UPGRADING to amulet of guardian spirit.
  1244 | D:2      | 1244 ||| DROPPING +6 ring of intelligence.
  1245 | D:2      | 1245 ||| READING scroll labelled AFESEN VE NIMU.
  1246 | D:2      | 1246 ||| DRINKING 2 coppery potions.
  1312 | D:3      | Reached XP level 4. HP: 28/28 MP: 4/4
  1343 | D:3      | 1343 ||| DROPPING +0 mace.
  1444 | D:3      | Found a burning altar of Makhleb.
  1444 | D:3      | Noticed a cacodemon
  1459 | D:3      | Noticed Sigmund
  1461 | D:3      | 1461 ||| Stepping ~*~*~tactically~*~*~ (hiding).
  1473 | D:3      | Killed Sigmund
  1474 | D:3      | Reached skill level 5 in Axes
  1474 | D:3      | Reached XP level 5. HP: 14/32 MP: 2/5
  1595 | D:3      | Reached XP level 6. HP: 37/37 MP: 6/6
  1926 | D:3      | 1926 ||| DRINKING 2 viscous coppery potions.
  1962 | D:4      | Reached skill level 1 in Dodging
  1996 | D:4      | Noticed Ijyb
  1997 | D:4      | 1997 ||| Stepping ~*~*~tactically~*~*~ (hiding).
  2015 | D:4      | Killed Ijyb
  2027 | D:4      | 2027 ||| Stepping ~*~*~tactically~*~*~ (stealth).
  2029 | D:4      | 2029 ||| Stepping ~*~*~tactically~*~*~ (hiding).
  2031 | D:4      | 2031 ||| Stepping ~*~*~tactically~*~*~ (hiding).
  2032 | D:4      | 2032 ||| Stepping ~*~*~tactically~*~*~ (hiding).
  2033 | D:4      | 2033 ||| Stepping ~*~*~tactically~*~*~ (hiding).
  2034 | D:4      | 2034 ||| Stepping ~*~*~tactically~*~*~ (hiding).
  2035 | D:4      | 2035 ||| Stepping ~*~*~tactically~*~*~ (hiding).
  2036 | D:4      | 2036 ||| Stepping ~*~*~tactically~*~*~ (hiding).
  2048 | D:4      | Reached skill level 6 in Axes
  2087 | D:4      | 2087 ||| Stepping ~*~*~tactically~*~*~ (stealth).
  2125 | D:4      | Found Yssucih's Jewellery Emporium.
  2128 | D:4      | 2128 ||| SHOPLISTING +5 ring of evasion (360 gold, have
                  | 140).
  2128 | D:4      | 2128 ||| SHOPLISTING +6 ring of dexterity (360 gold, have
                  | 140).
  2128 | D:4      | 2128 ||| SHOPLISTING +6 ring of strength (360 gold, have
                  | 140).
  2128 | D:4      | 2128 ||| SHOPLISTING amulet of regeneration (300 gold, have
                  | 140).
  2196 | D:4      | Reached XP level 7. HP: 40/43 MP: 5/7
  2221 | D:4      | Found Fuapn's Jewellery Boutique.
  2227 | D:4      | Noticed Natasha
  2231 | D:4      | Killed Natasha
  2335 | D:4      | 2335 ||| SHOPLISTING amulet of reflection (300 gold, have
                  | 162).
  2335 | D:4      | 2335 ||| SHOPLISTING ring of Pasid {+Blink rF- rCorr Dex+3
                  | Stlth+} (361 gold, have 162).
  2335 | D:4      | 2335 ||| SHOPLISTING ring of fire (250 gold, have 162).
  2335 | D:4      | 2335 ||| SHOPLISTING ring of protection from cold (250
                  | gold, have 162).
  2335 | D:4      | 2335 ||| SHOPLISTING ring of resist corrosion (200 gold,
                  | have 162).
  2369 | D:4      | Found an opulent altar of Gozag.
  2443 | D:4      | Reached skill level 7 in Axes
  2601 | D:4      | Found Baos's Distillery.
  2603 | D:4      | Noticed Edmund
  2613 | D:4      | Killed Edmund
  2621 | D:4      | 2621 ||| Stepping ~*~*~tactically~*~*~ (stealth).
  2685 | D:4      | 2685 ||| BUYING 2 potions of might (112 gold).
  2685 | D:4      | Bought 2 potions of might for 112 gold pieces
  2685 | D:4      | 2685 ||| BUYING potion of attraction (42 gold).
  2685 | D:4      | Bought a potion of attraction for 42 gold pieces
  2685 | D:4      | 2685 ||| SHOPLISTING potion of attraction (42 gold, have
                  | 21).
  2685 | D:4      | 2685 ||| SHOPLISTING potion of curing (42 gold, have 21).
  2685 | D:4      | 2685 ||| SHOPLISTING potion of heal wounds (70 gold, have
                  | 21).
  2685 | D:4      | 2685 ||| SHOPLISTING potion of might (56 gold, have 21).
  2685 | D:4      | 2685 ||| SHOPLISTING potion of mutation (112 gold, have
                  | 21).
  2685 | D:4      | 2685 ||| SHOPLISTING potion of resistance (140 gold, have
                  | 21).
  2688 | D:4      | Noticed Natasha
  2699 | D:4      | Killed Natasha
  2700 | D:4      | Reached skill level 1 in Throwing
  2700 | D:4      | Reached XP level 8. HP: 45/49 MP: 8/8
  2724 | D:4      | Found Joyvvour's Jewellery Emporium.
  2728 | D:4      | 2728 ||| SHOPLISTING +4 ring of protection (468 gold, have
                  | 21).
  2728 | D:4      | 2728 ||| SHOPLISTING +6 ring of strength (468 gold, have
                  | 21).
  2728 | D:4      | 2728 ||| SHOPLISTING amulet of faith (520 gold, have 21).
  2728 | D:4      | 2728 ||| SHOPLISTING amulet of regeneration (390 gold, have
                  | 21).
  2728 | D:4      | 2728 ||| SHOPLISTING ring "Loptadoy" {rPois rF+ Will- rCorr
                  | Dex+3} (542 gold, have 21).
  2728 | D:4      | 2728 ||| SHOPLISTING ring "Poerghel" {rC+ Int+6 SInv} (634
                  | gold, have 21).
  2728 | D:4      | 2728 ||| SHOPLISTING ring of protection from fire (325
                  | gold, have 21).
  3013 | D:4      | 3013 ||| DROPPING +0 ring mail of willpower.
  3014 | D:4      | 3014 ||| READING scroll labelled OTRASE RAZEY.
  3052 | D:5      | Entered Level 5 of the Dungeon
  3099 | D:5      | 3099 ||| Stepping ~*~*~tactically~*~*~ (stealth).
  3104 | D:5      | 3104 ||| Stepping ~*~*~tactically~*~*~ (stealth).
  3106 | D:5      | 3106 ||| Stepping ~*~*~tactically~*~*~ (hiding).
  3189 | D:5      | Found a staircase to the Ecumenical Temple.
  3190 | D:5      | 3190 ||| PLANNING TEMPLE
  3195 | Temple   | Entered the Ecumenical Temple
  3232 | Temple   | 3232 ||| PLANNING OKAWARU WORSHIP
  3379 | Temple   | Became a worshipper of Warmaster Okawaru
  3379 | Temple   | 3379 ||| PLANNING D:1-11
  3380 | Temple   | 3380 ||| REMOVING amulet of guardian spirit.
  3407 | D:5      | 3407 ||| Stepping ~*~*~tactically~*~*~ (stealth).
  3409 | D:5      | 3409 ||| Stepping ~*~*~tactically~*~*~ (stealth).
  3411 | D:5      | 3411 ||| Stepping ~*~*~tactically~*~*~ (stealth).
  3412 | D:5      | 3412 ||| Stepping ~*~*~tactically~*~*~ (stealth).
  3416 | D:5      | 3416 ||| Stepping ~*~*~tactically~*~*~ (hiding).
  3418 | D:5      | 3418 ||| Stepping ~*~*~tactically~*~*~ (hiding).
  3557 | D:5      | 3557 ||| Stepping ~*~*~tactically~*~*~ (hiding).
  3559 | D:5      | 3559 ||| Stepping ~*~*~tactically~*~*~ (hiding).
  3579 | D:5      | HP: 8/49 [gnoll/+0 spear (6)]
  3919 | D:5      | 3919 ||| UPGRADING to +0 pair of gloves.
  3976 | D:6      | Reached skill level 8 in Axes
  4175 | D:6      | Reached skill level 6 in Fighting
  4317 | D:6      | Reached * piety under Okawaru
  4325 | D:6      | Reached skill level 1 in Invocations
  4326 | D:6      | Reached XP level 9. HP: 48/56 MP: 8/10
  4475 | D:6      | Reached skill level 9 in Axes
  4486 | D:6      | 4486 ||| Stepping ~*~*~tactically~*~*~ (hiding).
  4564 | D:6      | 4564 ||| Stepping ~*~*~tactically~*~*~ (hiding).
  4567 | D:6      | 4567 ||| Stepping ~*~*~tactically~*~*~ (hiding).
  4568 | D:6      | 4568 ||| Stepping ~*~*~tactically~*~*~ (hiding).
  4569 | D:6      | 4569 ||| INVOKING Heroism.
  4572 | D:6      | Reached skill level 3 in Invocations
  4689 | D:6      | 4689 ||| DROPPING ring of magical power.
  4690 | D:6      | 4690 ||| UPGRADING to +6 ring of dexterity.
  4691 | D:6      | 4691 ||| READING scroll labelled ZEOBATIK QOJE.
  4692 | D:6      | 4692 ||| READING scroll labelled YMEHELLUAM.
  4762 | D:7      | 4762 ||| DRINKING 3 potions of curing.
  4762 | D:7      | 4762 ||| (to cure confusion)
  4807 | D:7      | 4807 ||| Stepping ~*~*~tactically~*~*~ (hiding).
  4893 | D:7      | 4893 ||| Stepping ~*~*~tactically~*~*~ (stealth).
  4933 | D:7      | 4933 ||| Stepping ~*~*~tactically~*~*~ (stealth).
  4973 | D:7      | Found Nappij's Antique Weapon Emporium.
  4999 | D:7      | Found a snail-covered altar of Cheibriados.
  4999 | D:7      | Found a radiant altar of Vehumet.
  5075 | D:7      | 5075 ||| Stepping ~*~*~tactically~*~*~ (stealth).
  5082 | D:7      | 5082 ||| Stepping ~*~*~tactically~*~*~ (hiding).
  5083 | D:7      | 5083 ||| Stepping ~*~*~tactically~*~*~ (hiding).
  5088 | D:7      | 5088 ||| Stepping ~*~*~tactically~*~*~ (stealth).
  5093 | D:7      | 5093 ||| Stepping randomly (disturbance).
  5246 | D:7      | 5246 ||| UPGRADING to +0 chain mail.
  5256 | D:7      | 5256 ||| DROPPING +0 scale mail.
  5257 | D:7      | 5257 ||| UPGRADING to +4 ring of protection.
  5259 | D:7      | 5259 ||| DROPPING +6 ring of dexterity.
  5260 | D:7      | 5260 ||| DRINKING 3 green potions.
  5261 | D:7      | 5261 ||| DROPPING 2 potions of brilliance.
  5316 | D:7      | 5316 ||| SHOPLISTING crude war axe (272 gold, have 222).
  5390 | D:8      | Reached ** piety under Okawaru
  5428 | D:8      | 5428 ||| Stepping ~*~*~tactically~*~*~ (hiding).
  5431 | D:8      | 5431 ||| Stepping ~*~*~tactically~*~*~ (hiding).
  5438 | D:8      | 5438 ||| INVOKING Heroism.
  5721 | D:8      | Noticed Erica
  5722 | D:8      | 5722 ||| Stepping ~*~*~tactically~*~*~ (hiding).
  5728 | D:8      | 5728 ||| INVOKING Heroism.
  5739 | D:8      | Killed Erica
  5740 | D:8      | Reached skill level 10 in Axes
  5740 | D:8      | Reached XP level 10. HP: 42/63 MP: 11/13
  5814 | D:8      | Noticed Pikel
  5826 | D:8      | 5826 ||| INVOKING Heroism.
  5842 | D:8      | Killed Pikel
  6086 | D:8      | 6086 ||| UPGRADING to +0 pair of boots.
  6091 | D:8      | 6091 ||| DROPPING ring of flight.
  6092 | D:8      | 6092 ||| READING 2 scrolls labelled XAWYUM PEIHOI.
  6093 | D:8      | 6093 ||| READING scroll labelled CYWKANNUMNE.
  6194 | D:8      | 6194 ||| READING scroll labelled WOAFOSTRUGG.
  6195 | D:8      | 6195 ||| READING scroll labelled JONTIO GAHIU.
  6196 | D:8      | 6196 ||| DRINKING 2 metallic clear potions.
  6197 | D:8      | 6197 ||| DROPPING potion of degeneration.
  6209 | D:9      | 6209 ||| STAIRDANCE
  6213 | D:8      | 6213 ||| INVOKING Heroism.
  6218 | D:8      | Reached *** piety under Okawaru
  6219 | D:8      | Reached skill level 3 in Throwing
  6363 | D:9      | 6363 ||| Stepping ~*~*~tactically~*~*~ (stealth).
  6363 | D:9      | Found a staircase to the Lair.
  6370 | D:9      | Reached skill level 6 in Armour
  6381 | D:9      | 6381 ||| INVOKING Heroism.
  6419 | D:9      | 6419 ||| Stepping ~*~*~tactically~*~*~ (stealth).
  6421 | D:9      | 6421 ||| INVOKING Heroism.
  6522 | D:9      | 6522 ||| Stepping ~*~*~tactically~*~*~ (hiding).
  6524 | D:9      | 6524 ||| Stepping ~*~*~tactically~*~*~ (hiding).
  6538 | D:9      | 6538 ||| INVOKING Heroism.
  6541 | D:9      | Reached skill level 11 in Axes
  6564 | D:9      | 6564 ||| FLEEEEING.
  6565 | D:9      | 6565 ||| FLEEEEING.
  6597 | D:9      | 6597 ||| FLEEEEING.
  6598 | D:9      | 6598 ||| FLEEEEING.
  6599 | D:9      | 6599 ||| STAIRDANCE
  6635 | D:8      | 6635 ||| READING 2 scrolls of identify.
  6635 | D:8      | 6635 ||| IDENTIFYING metallic dark potion
  6798 | D:9      | 6798 ||| INVOKING Heroism.
  6905 | D:9      | 6905 ||| INVOKING Heroism.
  6917 | D:9      | Reached XP level 11. HP: 60/69 MP: 12/14
  7020 | D:9      | Found a shadowy altar of Dithmenos.
  7092 | D:9      | Found an ancient bone altar of Kikubaaqudgha.
  7212 | D:9      | 7212 ||| PLANNING LAIR
  7212 | D:9      | 7212 ||| UPGRADING to +0 plate armour.
  7222 | D:9      | 7222 ||| DROPPING +0 chain mail.
  7223 | D:9      | 7223 ||| READING scroll labelled NEL SEYNTAOWA.
  7226 | D:9      | 7226 ||| READING 2 scrolls of identify.
  7226 | D:9      | 7226 ||| IDENTIFYING purple potion
  7227 | D:9      | 7227 ||| DROPPING potion of invisibility.
  7247 | Lair:1   | Entered Level 1 of the Lair of Beasts
  7250 | Lair:1   | 7250 ||| Stepping ~*~*~tactically~*~*~ (stealth).
  7252 | Lair:1   | 7252 ||| INVOKING Heroism.
  7267 | Lair:1   | Received a gift from Okawaru
  7270 | Lair:1   | 7270 ||| Stepping ~*~*~tactically~*~*~ (stealth).
  7348 | Lair:1   | 7348 ||| Stepping ~*~*~tactically~*~*~ (stealth).
  7362 | Lair:1   | Reached **** piety under Okawaru
  7365 | Lair:1   | Reached skill level 9 in Fighting
  7426 | Lair:1   | 7426 ||| INVOKING Heroism.
  7450 | Lair:1   | 7450 ||| Stepping ~*~*~tactically~*~*~ (stealth).
  7494 | Lair:1   | 7494 ||| Stepping ~*~*~tactically~*~*~ (hiding).
  7503 | Lair:1   | 7503 ||| INVOKING Heroism.
  7727 | Lair:1   | 7727 ||| Stepping ~*~*~tactically~*~*~ (stealth).
  7754 | Lair:1   | Noticed Fannar
  7755 | Lair:1   | Noticed Gastronok
  7759 | Lair:1   | 7759 ||| INVOKING Heroism.
  7771 | Lair:1   | Killed Fannar
  7776 | Lair:1   | HP: 13/71 [cane toad (5)]
  7777 | Lair:1   | 7777 ||| DRINKING potion of heal wounds.
  7777 | Lair:1   | HP: 6/71 [Gastronok/the air (12)]
  7779 | Lair:1   | Demolished by Gastronok

Levels and vault maps discovered:
D:1:      dpeg_arrival_connections, layout_basic, minmay_misc_feat_more_columns
D:2:      layout_rooms, basic_ecumenical_altar
D:3:      layout_loops_ring, makhleb_altar_promises_db, uniq_sigmund
D:4:      layout_layer_cave, nicolae_gozag_seed_capital, serial_shops,
          nicolae_shop_pleasant_corner_grove, nicolae_shop_back_alley_shop,
          nicolae_shop_stone, kennysheep_mini, uniq_edmund, uniq_natasha,
          uniq_ijyb
D:5:      layout_rooms, minmay_temple_entry_arrows, hex_large
D:6:      layout_basic, hex_tiny, reono_crystal_passage, dreamdust_gnoll_farm
D:7:      layout_rooms, chequers_temple_overflow_statue_of_worship,
          nicolae_take_the_stairs
D:8:      layout_rooms, uniq_erica, uniq_pikel
D:9:      layout_basic, mainiacjoe_overflow_small_starburst,
          lemuel_zombie_altar_kikubaaqudgha, hellmonk_lair_entry_icy,
          special_room [special_room_orc]
Temple:   eino_temple_rhombus
Lair:1:   layout_regular_city, beast_lair_carwin_8, uniq_fannar, uniq_gastronok

Skill      XL: |  1  2  3  4  5  6  7  8  9 10 11 |
---------------+----------------------------------+-----
Axes           | 2 3 5 6 7 8 10 11 | 11.6
Dodging        | 1 2 |  2.0
Fighting       | 4 5 6 7 8 9 |  9.0
Throwing       | 1 3 4 |  4.0
Invocations    | 1 4 5 |  5.3
Shields        | 4 5 |  5.1
Armour         | 5 6 8 |  8.1

Action                     |  1- 3 |  4- 6 |  7- 9 | 10-12 || total
---------------------------+-------+-------+-------+-------++-------
  Melee: War axe           |    86 |    76 |   290 |   231 ||   683
  Throw: Boomerang         |    27 |    18 |    96 |    19 ||   160
         Javelin           |       |       |       |    29 ||    29
 Invoke: Heroism           |       |       |     3 |    11 ||    14
    Use: Scroll            |     3 |       |     3 |     7 ||    13
         Potion            |     2 |     1 |     2 |     2 ||     7
 Armour: Scale mail        |    38 |    46 |   151 |       ||   235
         Chain mail        |       |       |    10 |    97 ||   107
         Plate armour      |       |       |       |    49 ||    49
  Dodge: Dodged            |    34 |    30 |   149 |    73 ||   286
  Block: Buckler           |    19 |     9 |    51 |    48 ||   127

Table legend:
 A = Non-vault XP
 B = Vault XP
 C = Vault XP percentage of total XP
 D = Non-vault monster count
 E = Vault monster count
 F = Vault count percentage of total count
                 A         B        C        D         E       F
            +---------+---------+-------+---------+---------+-------
      Total |    8978 |    6027 |  40.2 |     155 |      47 |  23.3
            +---------+---------+-------+---------+---------+-------
        D:1 |      39 |       0 |   0.0 |      20 |       0 |   0.0
        D:2 |      39 |       0 |   0.0 |      10 |       0 |   0.0
        D:3 |      16 |     226 |  93.4 |       6 |       1 |  14.3
        D:4 |     683 |     229 |  25.1 |      25 |       3 |  10.7
        D:5 |     299 |       0 |   0.0 |      16 |       0 |   0.0
        D:6 |    1108 |      82 |   6.9 |      20 |       4 |  16.7
        D:7 |     703 |       0 |   0.0 |      21 |       0 |   0.0
        D:8 |    1369 |    1554 |  53.2 |      13 |       3 |  18.8
        D:9 |    1513 |    1517 |  50.1 |      12 |      31 |  72.1
     Lair:1 |    3209 |    2419 |  43.0 |      12 |       5 |  29.4
            +---------+---------+-------+---------+---------+-------
